 Dungeon Crawl Stone Soup version 0.30-a0-339-g89bb51ec76 (webtiles) character file.

Game seed: 17243922638624155718

335 lunkers the Digger (level 7, -2/50 HPs)
             Began as a Meteoran Earth Elementalist on Oct 31, 2022.
             Slain by Sigmund
             ... wielding a +0 scythe
              (5 damage)
             ... on level 4 of the Dungeon.
             The game lasted 00:06:04 (1434 turns).

lunkers the Digger (Meteoran Earth Elementalist)    Turns: 1434, Time: 00:06:04

Health: -2/50      AC:  3    Str: 10    XL:     7   Next: 10%
Magic:  6/15       EV: 12    Int: 19    God:
Gold:   188        SH:  5    Dex: 14    Spells: 10/16 levels left

rFire   . . .      SeeInvis .    v - +2 falchion (elec)
rCold   . . .      Faith    .    (no shield)
rNeg    . . .      Spirit   .    a - +0 robe
rPois   +          Reflect  +    (no helmet)
rElec   .          Harm     .    k - +0 cloak
rCorr   .          Rampage  .    (no gloves)
Will    .....                    (no boots)
Stlth   +.........               s - amulet of reflection
HPRegen 0.28/turn                h - ring of poison resistance
MPRegen 0.14/turn                (no ring)

@: glowing
A: sense surroundings 1, otherworldly, glowing, explore regen
a: no special abilities


You were on level 4 of the Dungeon.
You visited 1 branch of the dungeon, and saw 4 of its levels.

You collected 188 gold pieces.

Inventory:

Hand Weapons
 v - a +2 falchion of electrocution (weapon)
Armour
 a - a +0 robe (worn)
 k - a +0 cloak (worn)
Jewellery
 h - a ring of poison resistance (left hand)
 s - an amulet of reflection (around neck)
Scrolls
 d - a scroll of poison {unknown}
 f - 5 scrolls of identify {unknown}
 i - a scroll of blinking {unknown}
 j - a scroll of fear {unknown}
 m - 3 scrolls of teleportation {unknown}
 q - 2 scrolls of noise {unknown}
 t - 2 scrolls of immolation {unknown}
 w - a scroll of magic mapping {unknown}
Potions
 b - a potion of magic
 c - a potion of degeneration {unknown}
 e - a potion of heal wounds {unknown}
 g - a potion of cancellation {unknown}
 l - a potion of attraction {unknown}
 n - a potion of haste {unknown}
 o - 2 potions of brilliance {unknown}
 p - 2 potions of invisibility {unknown}
 r - a potion of flight {unknown}
 u - a potion of resistance {unknown}


   Skills:
 - Level 2.4 Dodging
 - Level 1.4 Stealth
 + Level 5.1 Spellcasting
 - Level 1.2 Transmutations
 * Level 7.3 Earth Magic


You had 10 spell levels left.
You knew the following spells:

 Your Spells              Type           Power      Damage    Failure   Level
a - Sandblast             Erth           64%        2d14      1%          1
b - Passwall              Tmut/Erth      17%        N/A       3%          2
c - Stone Arrow           Conj/Erth      36%        3d9       9%          3

Your spell library contained the following spells:

 Spells                   Type           Power      Damage    Failure   Level
 Freeze                   Ice            16%        1d4       12%         1
 Petrify                  Tmut/Erth      21%        N/A       22%         4
 Frozen Ramparts          Ice            8%         1d2       36%         3
 Ozocubu's Armour         Ice            4%         N/A       36%         3
 Metabolic Englaciation   Hex/Ice        2%         N/A       98%         5


Dungeon Overview and Level Annotations

Branches:
Dungeon (4/15) Zot: 915
 Temple: D:4-7

Altars:
Qazlal
The Shining One

Shops:
D:3 ?

Annotations:
D:4 Sigmund


Innate Abilities, Weirdness & Mutations

You passively map a small area around you.
You are easily found by Zot.
You glow in the dark.
You regain HP and MP as you explore.


Message History

Press: ? - help, Q - select action, (/) - cycle Shift-Dir - straight line, f/p - scorpion
Aim: a scorpion (almost dead, 84% to hit)
The blast of sand hits the scorpion!
You kill the scorpion!
Something hits you.
* * * LOW HITPOINT WARNING * * *
Your Spellcasting skill increases to level 5!
You have reached level 7!
Aiming: Sandblast (safe; 1% risk of failure)
Press: ? - help, Q - select action, (/) - cycle Shift-Dir - straight line, f - goblin
Aim: a goblin, wielding a +0 club (80% to hit)
The blast of sand hits the goblin!
You kill the goblin!
Something hits you but does no damage.
Aiming: Sandblast (safe; 1% risk of failure)
Press: ? - help, Q - select action, (/) - cycle Shift-Dir - straight line Something hits you but does no damage.
Aiming: Sandblast (safe; 1% risk of failure)
Press: ? - help, Q - select action, (/) - cycle Shift-Dir - straight line Something hits you.
* * * LOW HITPOINT WARNING * * *
Unknown command.
A puff of flame appears from out of thin air!
The puff of flame hits you!
* * * LOW HITPOINT WARNING * * *
Aiming: Sandblast (safe; 1% risk of failure)
Press: ? - help, Q - select action, (/) - cycle Shift-Dir - straight line A puff of flame appears from out of thin air!
The puff of flame hits you.
* * * LOW HITPOINT WARNING * * *
Aiming: Sandblast (safe; 1% risk of failure)
Press: ? - help, Q - select action, (/) - cycle Shift-Dir - straight line
Okay, then.
Casting: Sandblast (safe; 1% risk of failure)
Confirm with . or Enter, or press ? or * to list all spells.
You can't see any susceptible monsters within range! (Use Z to cast anyway.)
Aiming: Sandblast (safe; 1% risk of failure)
Press: ? - help, Q - select action, (/) - cycle Shift-Dir - straight line Something hits you.
You die...

* * *, * * *
##### * * ##...#
###..>.##
###...@...## ,
##....###...# *
#...### ##>.#* ,
####..## ##.†# *,
, , ##.....##
##...,, #.......#
.)...,
##..~~~(.######
#......
#...~~~.......###
......
#...~~~..........
.##### ,


There were no monsters in sight!

Vanquished Creatures
  A sky beast (D:3)
  A scorpion (D:4)
  2 orc priests (D:3)
  An orc wizard (D:3)
  4 adders
  A dart slug (D:1)
  4 orcs
  5 endoplasms
  A giant cockroach (D:3)
  2 goblins
  11 hobgoblins
  5 jackals
  2 quokkas (D:1)
  6 ball pythons
  5 bats
  A frilled lizard (D:1)
  4 kobolds
  3 rats
59 creatures vanquished.

Notes
Turn   | Place    | Note
-------+----------+-------------------------------------------
     0 | D:1      | lunkers the Meteoran Earth Elementalist began the quest for
                  | the Orb.
     0 | D:1      | Reached XP level 1. HP: 14/14 MP: 5/5
    62 | D:1      | Reached skill level 4 in Earth Magic
    62 | D:1      | Reached XP level 2. HP: 20/20 MP: 4/6
   168 | D:1      | Reached XP level 3. HP: 15/26 MP: 3/8
   228 | D:1      | Got Sif Muna's Tome of Hypothermia
   710 | D:2      | Reached skill level 5 in Earth Magic
   710 | D:2      | Reached XP level 4. HP: 33/33 MP: 8/10
   848 | D:3      | Found Saynir's Magic Scroll Shop.
   859 | D:2      | Learned a level 2 spell: Passwall
   863 | D:2      | Learned a level 3 spell: Stone Arrow
   903 | D:3      | Found a faded altar of an unknown god.
   955 | D:3      | Found a glowing golden altar of the Shining One.
  1057 | D:3      | Found a stormy altar of Qazlal.
  1139 | D:3      | Reached XP level 5. HP: 38/38 MP: 9/12
  1149 | D:3      | Reached skill level 6 in Earth Magic
  1165 | D:3      | Reached XP level 6. HP: 38/45 MP: 7/13
  1283 | D:4      | Noticed a sky beast
  1288 | D:3      | Killed a sky beast
  1388 | D:3      | Reached skill level 7 in Earth Magic
  1418 | D:4      | Noticed Sigmund
  1426 | D:4      | Reached skill level 5 in Spellcasting
  1426 | D:4      | Reached XP level 7. HP: 21/50 MP: 9/15
  1433 | D:4      | HP: 2/50 [something/puff of flame (5)]
  1434 | D:4      | Slain by Sigmund

Illustrated notes

Levels and vault maps discovered:
D:1:      lightli_arrival_chessboard, layout_rooms, minmay_domino_4
D:2:      layout_loops_ring
D:3:      layout_loops_ring, lemuel_doored_altar, old_standard_altar,
          shapermc_ecumenical_altar_acropolis, serial_shops, shop
D:4:      layout_layer_cave, minmay_temple_entry_glassed_door,
          serial_park_tiny_pond, uniq_sigmund, uniq_edmund

Skill      XL: |  1  2  3  4  5  6 |
---------------+-------------------+-----
Earth Magic    | 4 5 6 7 |  7.3
Spellcasting   | 3 4 5 |  5.1
Dodging        | |  2.4
Stealth        | |  1.4
Transmutations | |  1.2

Action                   |  1- 3 |  4- 6 |  7- 9 || total
-------------------------+-------+-------+-------++-------
 Cast: Sandblast         |    46 |    44 |     5 ||    95
Armor: Robe              |    11 |     4 |     2 ||    17
Dodge: Dodged            |    15 |     4 |       ||    19
Block: Other             |       |     3 |       ||     3
       Reflection        |       |     1 |       ||     1

Table legend: (Time is in decaauts)
 A = Elapsed time spent in this place.
 B = Non-inter-level travel time spent in this place.
 C = Inter-level travel time spent in this place.
 D = Time resting spent in this place.
 E = Time spent auto-exploring this place.
 F = Levels seen in this place.
 G = Mean time per level.
                   A        B        C        D        E       F      G
               +--------+--------+--------+--------+--------+-----+--------+
         Total |   1482 |   1354 |    128 |      0 |    948 |   4 |  370.5 |
       Dungeon |   1482 |   1354 |    128 |      0 |    948 |   4 |  370.5 |
               +--------+--------+--------+--------+--------+-----+--------+

Top non-repeatable levels by time:
     D:2: 474 daAuts
     D:3: 442 daAuts
     D:1: 415 daAuts
     D:4: 150 daAuts
